 Dungeon Crawl Stone Soup version 0.25-a0-992-gca090100c3 (webtiles) character file.

Game seed: 15854091281832120999, levelgen mode: deterministic

249 Flugslaktarn the Chopper (level 5, -1/49 HPs)
             Began as a Deep Dwarf Fighter on May 11, 2020.
             Shot with an arrow by a centaur (3 damage)
             ... on level 5 of the Dungeon.
             The game lasted 00:00:49 (1184 turns).

Flugslaktarn the Chopper (Deep Dwarf Fighter)       Turns: 1184, Time: 00:00:50

Health: -1/49      AC:  7    Str: 19    XL:     5   Next: 87%
Magic:  2/2        EV:  7    Int:  9    God:
Gold:   78         SH:  0    Dex: 13    Spells: 4/4 levels left

rFire    . . .     SeeInvis .   a - +0 war axe
rCold    . . .     Gourm    .   c - +0 kite shield
rNeg     . . .     Faith    .   b - +0 scale mail
rPois    .         Spirit   .   (no helmet)
rElec    .         Reflect  .   (no cloak)
rCorr    .         Harm     .   (no gloves)
MR       .....                  (no boots)
Stlth    ..........             (no amulet)
HPRegen  0.00/turn              (no ring)
MPRegen  0.08/turn              (no ring)

@: confused, non-regenerating
A: damage resistance, heal wounds, sense surroundings 1, no regeneration
a: Heal Wounds


You were on level 5 of the Dungeon.
You were not hungry.

You visited 2 branches of the dungeon, and saw 6 of its levels.

You collected 78 gold pieces.

Inventory:

Hand Weapons
 a - a +0 war axe (weapon)
Missiles
 o - a throwing net (quivered)
Armour
 b - a +0 scale mail (worn)
 c - a +0 kite shield (worn)
Jewellery
 q - an uncursed amulet of regeneration {unknown}
   (You found it on level 4 of the Dungeon)
Scrolls
 f - 3 scrolls of identify {unknown}
 i - 2 scrolls of teleportation {unknown}
 l - 2 scrolls of immolation {unknown}
 n - 2 scrolls of random uselessness {unknown}
 p - a scroll of amnesia {unknown}
 t - a scroll of enchant armour {unknown}
Potions
 d - a potion of might
 h - a potion of lignification {unknown}
 j - a potion of resistance {unknown}
 m - a potion of stabbing {unknown}
 s - a potion of flight {unknown}
Comestibles
 e - 6 rations
 r - 3 chunks of flesh


   Skills:
 + Level 3.5 Fighting
 * Level 4.6 Axes
 + Level 4.3 Armour
 + Level 4.3 Shields


You had 4 spell levels left.
You didn't know any spells.
Your spell library was empty.

Dungeon Overview and Level Annotations

Branches:
Dungeon (5/15)             Temple (1/1) D:4

Altars:
Ashenzari
Cheibriados
Dithmenos
Fedhas
Gozag
Hepliaklqana
Kikubaaqudgha
Okawaru
Qazlal
Ru
Sif Muna
Uskayaw
Vehumet
Wu Jian
Xom
Yredelemnul
Zin
The Shining One


Innate Abilities, Weirdness & Mutations

You are resistant to damage.
You can heal yourself by infusing magical energy.
You passively map a small area around you.
You do not regenerate.


Message History

You see here an arrow.
You see here 2 arrows.
It was a potion of cancellation.
Your magical effects are unravelling.
You feel magically purged.
You feel less confused. You block the orc's attack.
The ogre hits you with a +0 giant club!
* * * LOW HITPOINT WARNING * * *
Okay, then.
The centaur shoots an arrow.
You block the arrow.
You hear some strange, mumbled words.
You are confused.
The centaur shoots an arrow.
The arrow barely misses you.
You see here 2 arrows.
The adder skeleton bites you but does no damage.
A puff of flame appears from out of thin air!
The puff of flame hits you.
* * * LOW HITPOINT WARNING * * *
The centaur shoots an arrow.
The arrow hits you.
You die...

,................ ,
............... , ,
............. , ###.*
#......%....,, ,
*##.#.#.# #..c.)..# * *
#......# #..{....# ,
...#..### #.(o.)..# .
##.##...###(....### *
..##........Z@oO.....#*
.................##.....
##...............##....*
.#..........(.....#*####
.......<......#..##*
............###.## ,
.........##.#*,.#
.........#...# ##
.............#


You could see an ogre, a centaur, 2 orcs and an adder skeleton.

Vanquished Creatures
  An ogre (D:4)
  A gnoll shaman (D:4)
  A worker ant (D:4)
  A worker ant zombie (D:4)
  4 gnolls (D:4)
  2 adders
  An ooze (D:2)
  A dart slug (D:1)
  2 leopard geckos
  2 orcs (D:5)
  A giant cockroach (D:4)
  2 goblins
  A hobgoblin (D:3)
  4 jackals (D:1)
  A quokka (D:4)
  2 bats
  5 kobolds
  A quokka skeleton (D:4)
33 creatures vanquished.

Notes
Turn   | Place    | Note
-------+----------+-------------------------------------------
     0 | D:1      | Flugslaktarn the Deep Dwarf Fighter began the quest for the
                  | Orb.
     0 | D:1      | Reached XP level 1. HP: 20/20 MP: 1/1
    74 | D:1      | Reached XP level 2. HP: 27/27 MP: 2/2
   281 | D:2      | Reached XP level 3. HP: 30/33 MP: 3/3
   399 | D:4      | Reached XP level 4. HP: 42/42 MP: 3/3
   480 | D:4      | Reached XP level 5. HP: 46/49 MP: 4/4
   560 | D:4      | Found a staircase to the Ecumenical Temple.
   577 | Temple   | Entered the Ecumenical Temple
   976 | D:4      | Noticed an ogre
   987 | D:4      | Killed an ogre
  1153 | D:5      | Entered Level 5 of the Dungeon
  1167 | D:5      | Noticed a centaur
  1172 | D:5      | Noticed an ogre
  1184 | D:5      | HP: 2/49 [something/puff of flame (2)]
  1184 | D:5      | Shot with an arrow by a centaur

Illustrated notes

Levels and vault maps discovered:
D:1:      minmay_arrival_shattered_statue, layout_basic
D:2:      minmay_general_purpose_star, layout_loops_ring
D:3:      layout_loops_corners, lemuel_round_altar, uniq_sigmund
D:4:      layout_basic, minmay_temple_entry_junction_2, first_ration
D:5:      layout_cave_pools, basic_altar, uniq_crazy_yiuf_cottage
Temple:   hc_temple_tempest_star

Skill      XL: |  1  2  3  4 |
---------------+-------------+-----
Axes           | 3 4 |  4.6
Fighting       | 3 |  3.5
Armour         | 4 |  4.3
Shields        | 4 |  4.3

Action                   |  1- 3 |  4- 6 || total
-------------------------+-------+-------++-------
Melee: War axe           |    55 |    53 ||   108
 Abil: Heal Wounds       |     1 |     3 ||     4
  Use: Potion            |       |     2 ||     2
  Eat: Chunk             |       |     1 ||     1
Armor: Scale mail        |    28 |    23 ||    51
Dodge: Dodged            |    14 |    19 ||    33
Block: Kite shield       |    27 |    43 ||    70

Table legend:
 A = Non-vault XP
 B = Vault XP
 C = Vault XP percentage of total XP
 D = Non-vault monster count
 E = Vault monster count
 F = Vault count percentage of total count
                 A         B        C        D         E       F
            +---------+---------+-------+---------+---------+-------
      Total |     357 |       0 |   0.0 |      33 |       0 |   0.0
            +---------+---------+-------+---------+---------+-------
        D:1 |      16 |       0 |   0.0 |       8 |       0 |   0.0
        D:2 |      25 |       0 |   0.0 |       6 |       0 |   0.0
        D:3 |       5 |       0 |   0.0 |       3 |       0 |   0.0
        D:4 |     302 |       0 |   0.0 |      13 |       0 |   0.0
        D:5 |       9 |       0 |   0.0 |       3 |       0 |   0.0
            +---------+---------+-------+---------+---------+-------
